 Dungeon Crawl Stone Soup version 0.19.5 (webtiles) character file.

186 doot the Skirmisher (level 5, 0/42 HPs)
             Began as a Demonspawn Abyssal Knight on May 6, 2017.
             Was a Priest of Lugonu.
             Succumbed to a worker ant's poison
             ... on level 4 of the Dungeon.
             The game lasted 00:07:27 (2827 turns).

doot the Skirmisher (Demonspawn Abyssal Knight)     Turns: 2827, Time: 00:07:27

Health: 0/42       AC:  5    Str: 12    XL:     5   Next: 38%
Magic:  6/6        EV: 11    Int: 18    God:    Lugonu [***...]
Gold:   100        SH:  3    Dex: 14    Spells: 0 memorised, 4 levels left

rFire  . . .     SeeInvis .     a - +2 hand axe
rCold  . . .     Gourm    .     b - +0 leather armour
rNeg   . . .     Faith    .     p - +0 buckler
rPois  .         Spirit   .     (no helmet)
rElec  .         Reflect  .     (no cloak)
rCorr  .         Harm     .     (no gloves)
MR     .....                    (no boots)
Stlth  +.........               (no amulet)
                                (no ring)
                                (no ring)

@: brilliant, lethally poisoned (0 -> -4), flying
A: slimy green scales 1
a: Depart the Abyss, Bend Space, Banish, Renounce Religion


You were on level 4 of the Dungeon.
You worshipped Lugonu.
Lugonu was most pleased with you.
You were hungry.

You visited 1 branch of the dungeon, and saw 4 of its levels.
You visited the Abyss 1 time.

You collected 100 gold pieces.

Inventory:

Hand Weapons
 a - a +2 hand axe (weapon)
 s - a +0 blowgun
Missiles
 v - 18 poisoned needles
Armour
 b - a +0 leather armour (worn)
 e - a +0 plate armour
 o - a +0 cloak
 p - a +0 buckler (worn)
Jewellery
 r - an uncursed amulet of harm {unknown}
Wands
 u - a wand of iceblast (4/15)
Scrolls
 d - 4 scrolls of identify
 f - 4 scrolls of enchant weapon
 h - a scroll of recharging
 k - 2 scrolls of teleportation
 l - a scroll of magic mapping {unknown}
 n - a scroll of enchant armour {unknown}
 t - 2 scrolls of remove curse
Potions
 g - a potion of flight
 m - 2 potions of brilliance
Books
 q - a book of Necromancy

   Spells                             Type                      Level
   a - Pain                           Necromancy                   1
   b - Animate Skeleton               Necromancy                   1
   c - Vampiric Draining              Necromancy                   3
   d - Regeneration                   Charms/Necromancy            3
   e - Animate Dead                   Necromancy                   4
   f - Control Undead                 Necromancy                   4
Comestibles
 c - a bread ration
 i - a meat ration
 j - a beef jerky


   Skills:
 + Level 4.0 Fighting
 + Level 3.6 Axes
 + Level 2.2 Armour
 + Level 1.7 Dodging
 + Level 0.6 Stealth
 + Level 0.1 Shields
 + Level 2.5 Invocations


You had 4 spell levels left.
You didn't know any spells.

Dungeon Overview and Level Annotations

Branches:
Dungeon (4/15)
 Temple: D:4-7

Altars:
Cheibriados
Elyvilon
Fedhas
Makhleb
Okawaru
Trog
Yredelemnul


Innate Abilities, Weirdness & Mutations

You are partially covered in slimy green scales. (AC +2)


Message History

* * * LOW HITPOINT WARNING * * *
You feel sick.
* * * LOW HITPOINT WARNING * * *
You feel sick.
* * * LOW HITPOINT WARNING * * *
You feel sick.
* * * LOW HITPOINT WARNING * * *
You feel sick.
* * * LOW HITPOINT WARNING * * *
You feel sick.
* * * LOW HITPOINT WARNING * * *
You feel sick.
Found a blossoming altar of Fedhas.
Found a snail-covered altar of Cheibriados and an iron altar of Okawaru.
* * * LOW HITPOINT WARNING * * *
You feel sick.
Found a burning altar of Makhleb.
* * * LOW HITPOINT WARNING * * *
You feel sick.
You die...

#.# #.#
##<########
#.........#
#.#######.#
#.#####.# #
#.......#
#..############.#
#....@........#.#
#.._....#####.#.#
#.._8_.#.#
###.#.#
#..._..#.#
#†..#.#
#......#.#
#.#.#.#
#........#
#.###.#
##########
#.....# #######


There were no monsters in sight!

Vanquished Creatures
  Crazy Yiuf (D:3)
  Jessica (D:3)
  A worker ant (D:4)
  3 adders (D:2)
  An ooze (D:3)
  A dart slug (D:2)
  3 worms
  A leopard gecko (D:3)
  An orc (D:3)
  6 goblins
  10 hobgoblins
  8 jackals
  6 bats
  7 frilled lizards
  11 kobolds
  8 rats
69 creatures vanquished.

Notes
Turn   | Place    | Note
-------+----------+-------------------------------------------
     0 | Abyss:1  | doot the Demonspawn Abyssal Knight began the quest for the Orb.
     0 | Abyss:1  | Reached XP level 1. HP: 18/18 MP: 2/2
    40 | D:1      | Escaped the Abyss
   200 | D:1      | Gained mutation: You are partially covered in slimy green scales. (AC +2) [demonic ancestry]
   200 | D:1      | Reached XP level 2. HP: 23/24 MP: 3/3
   215 | D:1      | Reached skill level 1 in Dodging
   322 | D:1      | Reached ** piety under Lugonu
   597 | D:2      | Reached XP level 3. HP: 18/29 MP: 4/4
   652 | D:2      | Found a bloodstained altar of Trog.
   981 | D:2      | Found a basalt altar of Yredelemnul.
  1042 | D:2      | Reached XP level 4. HP: 29/37 MP: 5/5
  1335 | D:2      | Found a white marble altar of Elyvilon.
  1494 | D:3      | Found a runed door.
  1600 | D:3      | Noticed Crazy Yiuf
  1611 | D:3      | Killed Crazy Yiuf
  1977 | D:3      | Noticed Jessica
  2003 | D:3      | Killed Jessica
  2003 | D:3      | Reached skill level 4 in Fighting
  2003 | D:3      | Reached XP level 5. HP: 13/42 MP: 6/6
  2464 | D:3      | Reached *** piety under Lugonu
  2821 | D:4      | Found a blossoming altar of Fedhas.
  2821 | D:4      | HP: 2/42 [poisoned by a worker ant]
  2822 | D:4      | Found a snail-covered altar of Cheibriados.
  2822 | D:4      | Found an iron altar of Okawaru.
  2823 | D:4      | Found a burning altar of Makhleb.
  2827 | D:4      | Succumbed to a worker ant's poison

Skill      XL: |  1  2  3  4 |
---------------+-------------+-----
Axes           | 2 3 |  3.6
Dodging        | 1 |  1.7
Armour         | 2 |  2.2
Fighting       | 4 |  4.0
Stealth        | |  0.6
Shields        | |  0.1
Invocations    | |  2.5

Action                   |  1- 3 |  4- 6 || total
-------------------------+-------+-------++-------
Melee: Hand axe          |   130 |   112 ||   242
  Use: Scroll            |     9 |     1 ||    10
       Potion            |       |     2 ||     2
 Stab: Sleeping          |       |     2 ||     2
  Eat: Chunk             |       |     6 ||     6
Armor: Leather armour    |    53 |    31 ||    84
Dodge: Dodged            |    86 |    58 ||   144
Block: Buckler           |       |    10 ||    10
